Map: Orbital Shipyard

Players

LilDicky

  • Race: Protoss Protoss
  • League: Diamond

JerBear - Winner!

  • Race: Zerg Zerg
  • League: Gold

VOD

http://www.twitch.tv/tumescentpie

Description

Time

  • Played on: Dec. 13, 2015, 3:28 a.m.
  • Length: 2:42
Show
View Real Time Build Order
Export as new Build Order

LilDicky Protoss 

Build Orders:  

Get SALT Encoding   

  12  0:03  Probe (Chrono Boost)  
  13  0:13  Probe (Chrono Boost)  
  14  0:21  Pylon  
  14  0:29  Probe (Chrono Boost)  
  15  0:40  Probe (Chrono Boost)  
  16  0:53  Forge  
  16  1:06  Probe (Chrono Boost)  
  17  1:17  Probe (Chrono Boost)  
  18  1:27  Pylon  
  18  1:28  Pylon  
  18  1:31  Pylon  
  18  1:54  Gateway  
  18  1:59  Assimilator  
  18  2:08  Photon Cannon  
  18  2:15  Pylon  
  18  2:16  Pylon  
  18  2:18  Pylon  
  18  2:19  Pylon  
  18  2:22  Pylon  
  18  2:26  Pylon  
Show
View Real Time Build Order
Export as new Build Order

JerBear Zerg - Winner!

Build Orders: Pool Only 

Get SALT Encoding   

  12  0:18  Spawning Pool  
  11  0:23  Drone  
  11  0:27  Extractor  
  11  0:34  Drone  
  11  0:35  Drone  
  13  0:40  Drone  
  14  0:51  Overlord  
  14  1:11  Queen  
  14  1:12  Drone  
  14  1:14  Drone  
  18  1:26  Baneling Nest  
  17  1:41  Zergling x2  
  17  1:42  Zergling x4  
  20  2:04  Zergling x4  
Tags
 
Add a new tag
Caveats
  • Supply blocks, unpowered buildings, or Contaminate may cause inaccurate times.
  • Supply counts are checked every 10 seconds.